 Dungeon Crawl Stone Soup version 0.27-a0-1291-geefcff550b (webtiles) character file.

Game seed: 15865080858146566485

113533 freelancePsychic the Fighter (level 16, -7/135 HPs)
             Began as a Demonspawn Warper on June 15, 2021.
             Was an Elder of Qazlal.
             Shot with a bolt by a yaktaur captain (50 damage)
             ... on level 15 of the Dungeon.
             The game lasted 01:11:07 (31953 turns).

freelancePsychic the Fighter (Demonspawn Warper)   Turns: 31953, Time: 01:11:08

Health: -7/135     AC: 19    Str: 21    XL:     16   Next: 14%
Magic:  26/26      EV:  9    Int: 16    God:    Qazlal [****..]
Gold:   2029       SH: 29    Dex: 12    Spells: 17/19 levels left

rFire    + + +     SeeInvis .   g - +0 whip (elec)
rCold    . . .     Faith    .   M - +1 tower shield
rNeg     . . .     Spirit   .   c - +0 fire dragon scales
rPois    +         Reflect  +   (no helmet)
rElec    .         Harm     .   f - +2 cloak
rCorr    .         Rampage  .   m - +2 pair of gloves {Stlth+}
Will     ++...                  (boots unavailable)
Stlth    ++........             o - amulet of reflection
HPRegen  0.32/turn              b - ring of poison resistance
MPRegen  0.20/turn              B - ring of Hino {rF+ rC+ Str+3}

@: repel missiles
A: talons 3, rugged brown scales 1, demonic guardian 1, powered by death 2,
demonic willpower, claws 1, fangs 1, fire resistance 1, mutation resistance 1
a: Renounce Religion, Upheaval, Elemental Force


You were on level 15 of the Dungeon.
You worshipped Qazlal.
Qazlal was greatly pleased with you.
You visited 4 branches of the dungeon, and saw 24 of its levels.
You also visited: Ossuary and Bailey.

You collected 2226 gold pieces.
You spent 197 gold pieces at shops.

Inventory:

Hand Weapons
 g - a +0 whip of electrocution (weapon)
 t - a +3 flail of venom
Missiles
 p - 28 boomerangs (quivered)
 R - 4 curare-tipped darts
 V - a throwing net
Armour
 c - +0 fire dragon scales (worn)
 f - a +2 cloak (worn)
 m - a +2 pair of gloves of stealth (worn)
 z - +0 acid dragon scales
 M - a +1 tower shield (worn)
Jewellery
 a - a ring of see invisible
 b - a ring of poison resistance (left hand)
 e - an amulet of regeneration
 k - a +6 ring of dexterity
 o - an amulet of reflection (around neck)
 r - a ring of positive energy
 B - the ring of Hino (right hand) {rF+ rC+ Str+3}
   (You found it on level 9 of the Dungeon)

   [ring of protection from fire]

   It affects your strength (+3).
   It protects you from fire.
   It protects you from cold.
 G - a ring of willpower
 O - a +6 ring of intelligence
Wands
 l - a wand of paralysis (32)
 u - a wand of polymorph (9)
 E - a wand of charming (10)
 I - a wand of acid (33)
 J - a wand of mindburst (20)
 K - a wand of digging (20)
 P - a wand of flame (14)
 Q - a wand of iceblast (20)
Scrolls
 d - 4 scrolls of teleportation {@r4}
 q - 10 scrolls of identify {@r1}
 v - 3 scrolls of silence
 L - 3 scrolls of enchant weapon
 N - 4 scrolls of magic mapping
 U - 2 scrolls of amnesia
 W - 3 scrolls of blinking
Potions
 h - 5 potions of curing {@q1}
 i - 4 potions of mutation
 j - a potion of haste {@q3}
 n - 3 potions of brilliance
 s - 2 potions of flight
 x - 5 potions of attraction
 A - 2 potions of lignification
 C - 6 potions of ambrosia
 D - 2 potions of resistance
 S - 2 potions of cancellation
 T - a potion of berserk rage
Miscellaneous
 F - a lightning rod (4/4)


   Skills:
 - Level 13.8 Fighting
 - Level 12.0 Maces & Flails
 - Level 0.8 Throwing
 + Level 9.1 Armour
 - Level 7.1 Dodging
 - Level 6.4 Stealth
 + Level 11.7 Shields
 - Level 2.0 Spellcasting
 - Level 7.2 Translocations
 - Level 13.7 Invocations


You had 17 spell levels left.
You knew the following spells:

 Your Spells              Type           Power      Damage    Failure   Level
a - Blink                 Tloc           N/A        N/A       24%         2

Your spell library contained the following spells:

 Spells                   Type           Power      Damage    Failure   Level
 Gell's Gravitas          Tloc           12%        N/A       43%         3
 Lesser Beckoning         Tloc           12%        N/A       43%         3
 Teleport Other           Tloc           24%        N/A       43%         3
 Corona                   Hex            1%         N/A       97%         1
 Magic Dart               Conj           4%         1d3       97%         1
 Ensorcelled Hibernation  Hex/Ice        2%         N/A       99%         2
 Poisonous Vapours        Pois/Air       2%         N/A       99%         2
 Searing Ray              Conj           2%         3d3       99%         2
 Manifold Assault         Tloc           24%        N/A       99%         5
 Confusing Touch          Hex            1%         N/A       100%        3
 Conjure Flame            Conj/Fire      1%         6-21      100%        3
 Dazzling Flash           Conj/Hex       2%         N/A       100%        3
 Mephitic Cloud           Conj/Pois/Air  1%         N/A       100%        3
 Tukima's Dance           Hex            1%         N/A       100%        3
 Fulminant Prism          Conj/Hex       0%         3d6       100%        4
 Iskenderun's Mystic Bla  Conj/Tloc      13%        2d5       100%        4
 Freezing Cloud           Conj/Ice/Air   0%         6-21      100%        5


Dungeon Overview and Level Annotations

Branches:
Dungeon (15/15)            Temple (1/1) D:5            Lair (6/6) D:10
  Swamp (0/4) Lair:2       Spider (0/4) Lair:4        Slime (0/5) Lair:5
    Orc (2/2) D:12            Elf (0/3) Orc:2        Vaults (0/5) D:14
 Depths (0/5) D:15        Ossuary (visited)          Bailey (visited)

Altars:
Ashenzari
Cheibriados
Dithmenos
Elyvilon
Fedhas
Gozag
Hepliaklqana
Kikubaaqudgha
Makhleb
Nemelex Xobeh
Okawaru
Qazlal
Ru
Sif Muna
Trog
Uskayaw
Vehumet
Wu Jian
Xom
Yredelemnul
Zin
The Shining One
Beogh
Jiyva

Shops:
D:4 !   D:9 :   Orc:2 [:(*

Annotations:
D:6 2 transporters, bilbop's ghost, novice TrBe
D:13 exclusions: ice statue and obsidian statue
Lair:1 exclusion: downstairs
Lair:6 exclusion: 4 oklob plants


Innate Abilities, Weirdness & Mutations

You have claws for feet.
You are partially covered in rugged brown scales. (AC +1, +3% HP)
A weak demonic guardian rushes to your aid.
You regenerate health from kills.
You punish those that try to bend your will. (Will+)
You have sharp fingernails.
You have very sharp teeth.
Your flesh is heat resistant. (rF+)
You are somewhat resistant to further mutation.


Message History

You block the two-headed ogre's attack.
The two-headed ogre hits you with a +0 giant spiked club!
You barely miss the two-headed ogre. You claw the two-headed ogre.
The two-headed ogre is almost dead.
You block the two-headed ogre's attack.
The two-headed ogre hits you with a +0 giant spiked club!
You hit the two-headed ogre. You claw the two-headed ogre!
You kill the two-headed ogre!
Qazlal accepts your kill.
You barely miss the two-headed ogre. You claw the two-headed ogre.
The two-headed ogre is lightly wounded.
You block the two-headed ogre's attack.
The two-headed ogre hits you with a +0 giant club!
You barely miss the two-headed ogre.
You claw the two-headed ogre, but do no damage.
The two-headed ogre is lightly wounded.
The death knight's dark mirror aura disappears.
The two-headed ogre hits you with a +0 giant club.
You block the two-headed ogre's attack.
You barely miss the two-headed ogre.
You claw the two-headed ogre, but do no damage.
The two-headed ogre hits you with a +0 giant club!
You block the two-headed ogre's attack.
You hit the two-headed ogre.
Lightning courses through the two-headed ogre!
You claw the two-headed ogre! Your bite misses the two-headed ogre.
The two-headed ogre is heavily wounded.
You block the two-headed ogre's attack.
The two-headed ogre hits you with a +0 giant club.
The yaktaur captain wields a +2 arbalest of freezing.
It is covered in frost.
The yaktaur captain shoots a bolt.
You reflect the bolt off an invisible shield around you!
The bolt hits the yaktaur captain!!
The bolt freezes the yaktaur captain!
You block the two-headed ogre's attack.
The two-headed ogre hits you but does no damage.
The yaktaur captain shoots a bolt.
The bolt hits you!! The bolt freezes you.
There is an escape hatch in the ceiling, spattered with blood here.
You block the two-headed ogre's attack. x2; The yaktaur captain shoots a bolt.
The bolt hits you!!!
You die...

###..##.## #.# #.# #..
#.##..##†####.####### #.# ###
...##..##.#.........# #.#
.#..##..##...#.####.# #.####
###..##..##.###.# #.# #.##.###
#}##..##..##.#..###.###...[...
#[..'..)##..##.................
##..##)##..##O○......#####...#.
.##).###..##..@...÷#.# #..##.
..##..#[.##†.###.#÷#.# ###.###.
#..##...##c#.# #.#.#.# #.......
##..##.##p.#.# ..#.#.# #.#.####
.##..###.#.#.#<###.#.# #.#.####
#.##.O#p##.#.#. #.#.# #.#.....
#..##QW###.... ..#.# #.#.....
....#WO ###.. ... #.#.###.
#.....z ### ### #.#.# #.


You could see a death knight, a yaktaur captain and a two-headed ogre (fast).

Vanquished Creatures
  Jorgrun (D:12)
  Kirke (D:13)
  An iron dragon (D:15)
  An orc warlord (Orc:2)
  The ghost of Kicvos the Blocker, a journeyman OpBe of Trog (Orc:1)
  A merfolk javelineer (Orc:1)
  2 fire dragons
  Josephine (D:13)
  Snorg (D:12)
  Fannar (D:10)
  8 hydras
  A naga warrior (Orc:1)
  2 ogre magi
  2 catoblepae
  4 centaur warriors
  5 boulder beetles
  7 two-headed ogres
  7 death yaks
  A tengu warrior (Orc:1)
  An orc high priest (Orc:2)
  Sonja (Orc:2)
  A skeletal warrior (D:10)
  A flayed ghost (D:15)
  A lindwurm (Lair:6)
  7 orc knights
  4 necromancers
  4 deep elf pyromancers
  A wolf spider (Lair:4)
  6 cyclopes
  4 orc sorcerers
  2 manticores (D:13)
  15 ugly things
  3 black mambas
  A torpor snail (Lair:5)
  6 elephants (Lair:6)
  2 molten gargoyles (Lair:6)
  Joseph (D:10)
  14 cane toads
  A gargoyle (D:12)
  2 naga magi (D:15)
  A centaur skeleton (D:15)
  An unseen horror (D:13)
  Maggie (D:6)
  Psyche (D:10)
  3 kobold demonologists
  2 efreet
  12 komodo dragons
  A rime drake (Lair:3)
  5 trolls
  A komodo dragon (shapeshifter) (D:15)
  6 meliai
  3 slime creatures (D:14)
  A queen bee (D:12)
  Grinder (D:6)
  2 polar bears
  10 dream sheep
  8 blink frogs
  A centaur simulacrum (D:15)
  A water elemental (D:14)
  15 wraiths
  A shadow (D:11)
  63 yaks
  A vampire (D:13)
  7 wyverns
  5 steam dragons
  4 basilisks
  6 vampire mosquitoes
  Edmund (D:6)
  9 wargs
  An acid dragon (D:11)
  Duvessa (D:6)
  2 meliai simulacra (D:15)
  15 water moccasins
  3 hell hounds (Lair:6)
  An ice beast (D:7)
  A black bear (Lair:3)
  An elephant zombie (Lair:5)
  24 orc warriors
  A sky beast (D:8)
  2 necrophages (D:10)
  17 wolves
  20 centaurs
  7 ogres
  3 phantoms
  3 kobold brigands
  11 bullfrogs
  2 komodo dragon zombies (Lair:5)
  3 gnoll sergeants
  A wyvern zombie (D:8)
  A wyvern skeleton (D:7)
  Dowan (D:6)
  20 killer bees
  4 electric eels
  11 wights
  5 howler monkeys
  3 lava snakes (Lair:6)
  2 human zombies
  2 hounds (D:4)
  2 jellies (D:6)
  8 centaur zombies
  16 orc priests
  3 hell rats (Lair:6)
  5 iguanas
  23 orc wizards
  2 polar bear simulacra (Lair:5)
  3 yak simulacra (Lair:5)
  2 wolf simulacra (Lair:5)
  3 mummies
  A hound skeleton (D:4)
  A howler monkey zombie (D:10)
  12 gnolls
  6 adders
  3 river rats (Lair:6)
  3 white imps
  An ufetubus (D:5)
  An adder zombie (Ossuary)
  2 adder skeletons (D:4)
  A worm (D:4)
  A dart slug (D:3)
  62 orcs
  2 ball pythons
  7 bats
  9 endoplasms
  9 giant cockroaches
  12 goblins
  4 hobgoblins
  15 jackals
  A quokka (D:3)
  5 frilled lizards
  13 hobgoblin zombies (Ossuary)
  4 jackal zombies (Ossuary)
  25 kobolds
  5 kobold zombies (Ossuary)
  9 orc zombies (Ossuary)
  5 rats
  A rat zombie (Ossuary)
  4 river rat simulacra (Lair:5)
  3 butterflies (Lair:4)
761 creatures vanquished.

Vanquished Creatures (collateral kills)
  2 hydras
  Urug (Orc:2)
  2 orc knights (Bailey)
  7 ugly things
  A necromancer (D:15)
  An orc sorcerer (D:15)
  2 centaur skeletons (D:15)
  A torpor snail (Lair:1)
  A meliai (shapeshifter) (D:15)
  A blink frog (Lair:6)
  2 yaks
  A hell hound (Lair:6)
  An ogre (Orc:2)
  A centaur (D:13)
  A wolf (Lair:1)
  6 killer bees (D:12)
  3 orcs (Orc:2)
34 creatures vanquished.

Vanquished Creatures (others)
  3 jackals (D:4)
  6 kobolds
  22 fungi
  25 plants
  11 toadstools (D:4)
67 creatures vanquished.

Grand Total: 862 creatures vanquished

Notes
Turn   | Place    | Note
-------+----------+-------------------------------------------
     0 | D:1      | freelancePsychic the Demonspawn Warper began the quest for
                  | the Orb.
     0 | D:1      | Reached XP level 1. HP: 16/16 MP: 3/3
   413 | D:1      | Gained mutation: You are partially covered in rugged brown
                  | scales. (AC +1, +3% HP) [demonic ancestry]
   413 | D:1      | Reached XP level 2. HP: 17/23 MP: 5/5
   843 | D:1      | Learned a level 2 spell: Blink
  1239 | D:1      | Reached XP level 3. HP: 28/28 MP: 6/6
  1274 | D:1      | Found a faded altar of an unknown god.
  2467 | D:2      | Gained mutation: You have sharp toenails. [demonic
                  | ancestry]
  2467 | D:2      | Reached XP level 4. HP: 36/36 MP: 7/7
  2539 | D:3      | You fall into a shaft and drop 1 floor!
  2539 | D:4      | Noticed a steam dragon
  2590 | D:4      | Gained mutation: You have sharp fingernails. [potion of
                  | mutation]
  2590 | D:4      | Gained mutation: You have very sharp teeth. [potion of
                  | mutation]
  2590 | D:4      | Gained mutation: You are somewhat resistant to further
                  | mutation. [potion of mutation]
  2590 | D:4      | Gained mutation: Your flesh is heat resistant. (rF+)
                  | [potion of mutation]
  3843 | D:4      | Found Aleasy's Distillery.
  3957 | D:4      | Gained mutation: You regenerate a little health from kills.
                  | [demonic ancestry]
  3957 | D:4      | Reached XP level 5. HP: 41/43 MP: 8/8
  4336 | D:4      | Gained mutation: You have razor-sharp toenails. [demonic
                  | ancestry]
  4336 | D:4      | Reached XP level 6. HP: 46/49 MP: 9/9
  4785 | D:4      | Killed a steam dragon
  5110 | D:5      | Entered Level 5 of the Dungeon
  5148 | D:4      | Reached skill level 5 in Maces & Flails
  5174 | D:5      | Gained mutation: A weak demonic guardian rushes to your
                  | aid. [demonic ancestry]
  5174 | D:5      | Reached XP level 7. HP: 55/56 MP: 10/10
  5243 | D:5      | Found a shimmering blue altar of Sif Muna.
  5765 | D:5      | Found a staircase to the Ecumenical Temple.
  6136 | Temple   | Entered the Ecumenical Temple
  6208 | Temple   | Became a worshipper of Qazlal Stormbringer
  6304 | D:6      | Noticed Duvessa
  6304 | D:6      | Noticed Dowan
  6330 | D:6      | Killed Duvessa
  6331 | D:6      | Reached skill level 1 in Invocations
  6477 | D:6      | Killed Dowan
  6696 | D:6      | Reached XP level 8. HP: 40/62 MP: 11/11
  6809 | D:6      | Noticed Edmund
  6938 | D:6      | Killed Edmund
  7117 | D:6      | Found a transporter.
  7117 | D:6      | Noticed bilbop's ghost (novice TrBe)
  7122 | D:6      | Found a transporter.
  7146 | D:6      | Noticed a deep elf pyromancer
  7482 | D:7      | Found a blossoming altar of Fedhas.
  7664 | D:7      | Reached skill level 5 in Invocations
  7924 | D:7      | Reached * piety under Qazlal
  8395 | D:7      | Reached XP level 9. HP: 39/64 MP: 13/13
  8744 | D:7      | Reached skill level 1 in Armour
  9000 | D:6      | Noticed Maggie
  9014 | D:6      | Killed Maggie
  9098 | D:6      | Noticed Grinder
  9100 | D:6      | Paralysed by Grinder for 7 turns
  9112 | D:6      | Paralysed by Grinder for 6 turns
  9123 | D:6      | Killed Grinder
  9389 | D:8      | Reached skill level 5 in Armour
  9391 | D:8      | Found a sand-covered staircase.
  9397 | Ossuary  | Entered an ossuary
  9502 | Ossuary  | Reached ** piety under Qazlal
  9648 | D:8      | Found a burning altar of Makhleb.
  9663 | D:8      | Noticed a kobold demonologist
  9664 | D:8      | Noticed a kobold demonologist
  9669 | D:8      | Noticed a sun demon
  9746 | D:8      | Found a flagged portal.
  9760 | Bailey   | Entered a bailey
  9947 | Bailey   | Noticed an orc knight
  9987 | Bailey   | Killed an orc knight
 10315 | Bailey   | Noticed an orc knight
 10375 | Bailey   | Killed an orc knight
 10376 | Bailey   | Gained mutation: You regenerate health from kills. [demonic
                  | ancestry]
 10376 | Bailey   | Reached XP level 10. HP: 25/75 MP: 7/14
 10396 | Bailey   | Found a bloodstained altar of Trog.
 10680 | D:8      | Noticed a two-headed ogre
 10692 | D:8      | Killed a two-headed ogre
 11025 | D:8      | Noticed a soul eater
 11039 | D:8      | Noticed a soul eater
 11374 | D:8      | Found a radiant altar of Vehumet.
 11522 | D:8      | Found an ornate altar of the Wu Jian Council.
 11522 | D:8      | Found a sacrificial altar of Ru.
 11757 | D:9      | Reached skill level 10 in Maces & Flails
 11789 | D:9      | Reached *** piety under Qazlal
 12000 | D:9      | Identified the ring of Hino {rF+ rC+ Str+3}
 12069 | D:9      | Found Jeur's Book Shop.
 12156 | D:10     | Entered Level 10 of the Dungeon
 12212 | D:10     | Noticed Joseph
 12223 | D:10     | Killed Joseph
 12224 | D:10     | Reached skill level 5 in Shields
 12332 | D:10     | Noticed Fannar
 12353 | D:10     | Killed Fannar
 12354 | D:10     | Reached XP level 11. HP: 59/80 MP: 15/15
 12463 | D:10     | Noticed a skeletal warrior
 12626 | D:6      | Killed a deep elf pyromancer
 12727 | D:6      | Found a shadowy altar of Dithmenos.
 12871 | D:10     | Killed a skeletal warrior
 13339 | D:10     | Found an opulent altar of Gozag.
 13351 | D:10     | Found a staircase to the Lair.
 13398 | D:10     | Found a hide-covered altar of Uskayaw.
 13398 | D:10     | Found a blossoming altar of Fedhas.
 13400 | D:10     | Found an ornate altar of the Wu Jian Council.
 13400 | D:10     | Found a sparkling altar of Nemelex Xobeh.
 13400 | D:10     | Found a shimmering altar of Xom.
 13506 | D:10     | Noticed Psyche
 13513 | D:10     | Killed Psyche
 13658 | D:10     | Found a basalt altar of Yredelemnul.
 13794 | D:10     | Found the +5 scythe "Finisher" {speed, eviscerate}
 13983 | Lair:1   | Entered Level 1 of the Lair of Beasts
 14850 | Lair:1   | Gained mutation: You have claws for feet. [demonic
                  | ancestry]
 14850 | Lair:1   | Reached XP level 12. HP: 30/87 MP: 13/18
 15317 | Lair:2   | Found a staircase to the Swamp.
 15317 | Lair:2   | Noticed a six-headed hydra
 15318 | Lair:2   | Noticed a five-headed hydra
 15349 | Lair:2   | Noticed an eight-headed hydra
 15384 | Lair:2   | Killed an eight-headed hydra
 15836 | Lair:2   | Reached skill level 10 in Invocations
 16369 | Lair:2   | Killed a five-headed hydra
 16719 | Lair:2   | Killed a six-headed hydra
 17051 | Lair:3   | Reached skill level 5 in Fighting
 17099 | Lair:3   | You fall into a shaft and drop 3 floors!
 17099 | Lair:6   | Entered Level 6 of the Lair of Beasts
 17203 | Lair:6   | Noticed a boulder beetle
 17208 | Lair:5   | Reached **** piety under Qazlal
 17265 | Lair:4   | Identified the +0 robe "Meisiako" {Harm rPois Will-}
 17524 | Lair:3   | Noticed a five-headed hydra
 17908 | Lair:3   | Killed a five-headed hydra
 17909 | Lair:3   | Reached XP level 13. HP: 86/101 MP: 21/21
 18469 | Lair:4   | Found a hole to the Spider Nest.
 19718 | Lair:5   | Reached skill level 10 in Fighting
 20075 | Lair:5   | Found a viscous altar of Jiyva.
 20138 | Lair:5   | Found a staircase to the Slime Pits.
 20198 | Lair:5   | Reached skill level 1 in Stealth
 21410 | Lair:6   | Reached XP level 14. HP: 119/119 MP: 18/22
 21608 | Lair:6   | Reached skill level 5 in Stealth
 22575 | Lair:6   | Found a large runed translucent door.
 22576 | Lair:6   | Found a large runed translucent door.
 22581 | Lair:6   | Reached ***** piety under Qazlal
 23579 | D:11     | Identified the +8 great sword of the Pyrrhic Victory
                  | {drain, Contam rPois Will- Str+8}
 24022 | D:12     | Noticed Snorg
 24032 | D:12     | Killed Snorg
 24301 | D:12     | Found a staircase to the Orcish Mines.
 24375 | D:12     | Reached skill level 10 in Shields
 24596 | D:12     | Noticed Jorgrun
 24609 | D:12     | Killed Jorgrun
 25102 | Orc:1    | Entered Level 1 of the Orcish Mines
 25296 | Orc:2    | Entered Level 2 of the Orcish Mines
 25296 | Orc:2    | Found a staircase to the Elven Halls.
 25296 | Orc:2    | Noticed Sonja
 25297 | Orc:2    | Killed Sonja
 25371 | Orc:2    | Noticed Urug
 25888 | Orc:1    | Found a runed translucent gate.
 25888 | Orc:1    | Found a runed translucent gate.
 25892 | Orc:1    | Found a runed translucent gate.
 25893 | Orc:1    | Noticed Kicvos's ghost (journeyman OpBe)
 25919 | Orc:1    | Found an iron altar of Okawaru.
 25955 | Orc:1    | Killed Kicvos's ghost
 26000 | Orc:1    | Gained mutation: You punish those that try to bend your
                  | will. (Will+) [demonic ancestry]
 26000 | Orc:1    | Reached XP level 15. HP: 27/127 MP: 3/25
 26534 | Orc:2    | Killed Urug
 26594 | Orc:2    | Noticed an orc warlord
 26772 | Orc:2    | Killed an orc warlord
 26810 | Orc:2    | Found Amoawk's Antique Armour Emporium.
 26814 | Orc:2    | Found Ysak's Book Emporium.
 26834 | Orc:2    | Found Rasilas's Antique Weapon Emporium.
 26849 | Orc:2    | Found Qykhus's General Store.
 26857 | Orc:2    | Bought a scroll of blinking for 82 gold pieces
 26857 | Orc:2    | Bought a scroll of blinking for 82 gold pieces
 26857 | Orc:2    | Bought a scroll of teleportation for 33 gold pieces
 27747 | D:13     | Noticed Kirke
 27765 | D:13     | Killed Kirke
 27873 | D:13     | Noticed Josephine
 27900 | D:13     | Killed Josephine
 27913 | D:13     | Reached skill level 5 in Translocations
 28168 | D:13     | Reached skill level 5 in Dodging
 28502 | D:13     | Found the +8 glaive of the Guard {elec, spectral, AC+5}
 29178 | D:14     | Found a gate to the Vaults.
 30553 | D:15     | Entered Level 15 of the Dungeon
 31406 | D:15     | Found a staircase to the Depths.
 31654 | D:15     | Noticed an iron dragon
 31681 | D:15     | Reached XP level 16. HP: 121/135 MP: 26/26
 31753 | D:15     | Found the +11 plutonium sword {Contam Stlth-}
 31933 | D:15     | Paralysed by something for 2 turns
 31953 | D:15     | Shot with a bolt by a yaktaur captain

Illustrated notes

Levels and vault maps discovered:
D:1:      dpeg_arrival_tiny_a, layout_basic, serial_glass, glass_columns_a,
          glass_columns_a, due_unseen_surprise, minmay_strange_pillars,
          hellmonk_ecumenical_altar_defaced_shrine, corexii_leaking_fountain
D:2:      layout_loops_cross, chequers_serial_rivers_micro_c
D:3:      layout_loops_corners
D:4:      cheibrodos_fertilizer, layout_basic, serial_shops, shop
D:5:      layout_loops_ring, lemuel_blue_sif_altar, minmay_temple_entry_waves,
          chequers_serial_rivers_room_a, palyth_stone_intersect,
          grunt_ministairs_5
D:6:      layout_basic, general_overflow_altar, gammafunk_ghost_mausoleum,
          guppyfry_early_elven_hall, uniq_edmund, uniq_maggie, uniq_duvessa,
          uniq_grinder
D:7:      layout_rooms, fedhas_bush_and_centaur_altar, overflow_temple_1_default
D:8:      layout_cave_pods, nicolae_overflow_hidden_temple, kennysheep_mini,
          chequers_temple_overflow_statue_of_worship,
          gammafunk_temple_overflow_statue, nicolae_ossuary_entry_plus,
          enter_bailey_5
D:9:      layout_rooms, serial_shops, shop, nicolae_underground_beach
D:10:     layout_gridville, lemuel_mausoleum_altar_yredelemnul,
          kennysheep_mini_moat, doesnt_xom_only_xom, lair_entry_dummy,
          minmay_liquid_box, minmay_guarded_unrand_finisher, uniq_psyche,
          uniq_joseph, uniq_fannar
D:11:     layout_roguey
D:12:     layout_gridville, erik_orc_4, special_room [special_room_bee],
          uniq_jorgrun, uniq_snorg
D:13:     layout_roguey, david_greed, uniq_josephine, uniq_kirke
D:14:     layout_grid_maze, david_vaults_1, nooodl_orcs_dogs
D:15:     grunt_enter_depths_magical_seal, layout_loops_corners,
          old_standard_altar, st_stairs_7, minmay_diamond_spiral
Temple:   compressed_dpeg_triangle_lava_temple
Lair:1:   layout_chaotic_city, grunt_megastairs_5, serial_bayou_shore_b
Lair:2:   layout_hall_layers, minmay_swamp_entry_reptiles, serial_bayou_shore_b,
          lemuel_fruit_fields, grunt_megastairs_1
Lair:3:   layout_loops_ring
Lair:4:   layout_small_grid, spider_nest_entry_rubble, lemuel_fruit_fields
Lair:5:   pond_and_an_island_with_a_cottage, layout_misc_corridors,
          slime_altar_1, eino_house_with_fridge, grunt_megastairs_2
Lair:6:   cheibrodos_lair_end_hotspot, layout_big_grid,
          chequers_serial_rivers_small_3, kennysheep_abandoned_house,
          infiniplex_staircase_pool, minmay_lair_oklob_chamber,
          serial_bayou_shore_b
Orc:1:    layout_caves, gammafunk_ghost_fury_of_okawaru
Orc:2:    grunt_orc_cross, layout_caves, mines2_lemuel, uniq_sonja

Skill      XL: |  1  2  3  4  5  6  7  8  9 10 11 12 13 14 15 16 |
---------------+-------------------------------------------------+-----
Translocations | 3 7 |  7.2
Dodging        | 2 7 |  7.1
Fighting       | 3 4 8 12 13 | 13.8
Maces & Flails | 2 3 4 5 7 8 10 11 12 | 12.0
Invocations    | 3 6 9 11 13 | 13.7
Armour         | 7 8 9 |  9.1
Shields        | 5 7 9 10 11 | 11.7
Stealth        | 4 6 |  6.4
Throwing       | |  0.8
Spellcasting   | |  2.0

Action                   |  1- 3 |  4- 6 |  7- 9 | 10-12 | 13-15 | 16-18 || total
-------------------------+-------+-------+-------+-------+-------+-------++-------
Melee: Mace              |    84 |       |       |       |       |       ||    84
       Whip              |    89 |   125 |   398 |   842 |  1316 |   104 ||  2874
       Kick              |       |    27 |   123 |   260 |   651 |    45 ||  1106
       Bite              |       |    10 |    59 |   100 |   219 |    14 ||   402
       Flail             |       |       |       |       |   387 |       ||   387
Throw: Boomerang         |       |     5 |       |       |     1 |       ||     6
       Dart              |       |       |    39 |     4 |     4 |       ||    47
 Cast: Blink             |       |       |       |       |     1 |       ||     1
Invok: Upheaval          |       |       |     3 |     9 |    30 |       ||    42
       Elemental Force   |       |       |       |     2 |     2 |       ||     4
Evoke: Wand              |       |       |     1 |     2 |     1 |       ||     4
       Lightning rod     |       |       |     1 |       |       |       ||     1
  Use: Scroll            |       |     8 |    11 |     4 |    12 |       ||    35
       Potion            |       |     3 |     2 |     4 |     8 |       ||    17
 Stab: Sleeping          |       |     1 |       |       |       |       ||     1
       Invisible         |       |       |     2 |       |       |       ||     2
       Distracted        |       |       |     1 |     1 |     1 |       ||     3
       Paralysed         |       |       |       |     1 |     1 |       ||     2
Armor: Leather armour    |    89 |    36 |       |       |       |       ||   125
       Steam dragon scal |       |     7 |    40 |       |       |       ||    47
       Acid dragon scale |       |       |    57 |       |     2 |       ||    59
       Chain mail        |       |       |     1 |   203 |   144 |       ||   348
       Ring mail         |       |       |       |    19 |       |       ||    19
       Fire dragon scale |       |       |       |       |   283 |    15 ||   298
Dodge: Dodged            |   136 |    56 |   151 |   119 |   260 |     8 ||   730
       Repelled          |       |       |       |       |     5 |       ||     5
Block: Other             |       |       |    71 |     1 |       |       ||    72
       Reflection        |       |       |    11 |    13 |    45 |     1 ||    70
       Kite shield       |       |       |       |   731 |   839 |       ||  1570
       Tower shield      |       |       |       |       |   836 |    58 ||   894

Table legend: (Time is in decaauts)
 A = Elapsed time spent in this place.
 B = Non-inter-level travel time spent in this place.
 C = Inter-level travel time spent in this place.
 D = Time resting spent in this place.
 E = Time spent auto-exploring this place.
 F = Levels seen in this place.
 G = Mean time per level.
                   A        B        C        D        E       F      G
               +--------+--------+--------+--------+--------+-----+--------+
         Total |  31203 |  29984 |   1219 |   4446 |  19385 |  26 | 1200.1 |
       Dungeon |  18978 |  18192 |    786 |   2256 |  12449 |  15 | 1265.2 |
        Temple |     83 |     72 |     11 |      0 |      0 |   1 |   83.0 |
          Lair |   8881 |   8526 |    355 |   1396 |   5579 |   6 | 1480.2 |
  Orcish Mines |   2184 |   2119 |     65 |    358 |   1137 |   2 | 1092.0 |
       Ossuary |    192 |    192 |      0 |      0 |      0 |   1 |  192.0 |
        Bailey |    882 |    882 |      0 |    436 |    219 |   1 |  882.0 |
               +--------+--------+--------+--------+--------+-----+--------+

Top non-repeatable levels by time:
    D:14: 2453 daAuts
  Lair:6: 1840 daAuts
     D:6: 1701 daAuts
  Lair:1: 1630 daAuts
     D:4: 1602 daAuts
  Lair:5: 1540 daAuts
  Lair:4: 1525 daAuts
    D:10: 1507 daAuts
     D:1: 1389 daAuts
  Lair:2: 1350 daAuts
     D:7: 1325 daAuts
   Orc:1: 1291 daAuts
     D:5: 1258 daAuts
    D:13: 1240 daAuts
     D:8: 1232 daAuts
